 Dungeon Crawl Stone Soup version 0.31-a0-818-ge7c7cf74f0 (webtiles) character file.

Game seed: 13245135353950007869

8 Essalna the Conjurer (level 2, 19/19 HPs)
             Began as a Demonspawn Conjurer on Sept 23, 2023.
             Got out of the dungeon alive.
             The game lasted 00:00:58 (306 turns).

Essalna the Conjurer (Demonspawn Conjurer)           Turns: 306, Time: 00:00:58

Health: 19/19      AC:  2    Str:  7    XL:     2   Next: 0%
Magic:  5/5        EV: 12    Int: 19    God:
Gold:   15         SH:  0    Dex: 11    Spells: 4/5 levels left

rFire   . . .        f - +0 whip
rCold   . . .        (no shield)
rNeg    . . .        a - +0 robe
rPois   .            (helmet restricted)
rElec   .            (no cloak)
rCorr   .            (no gloves)
SInv    .            (no boots)
Will    .....        (no amulet)
Stlth   ++           (no ring)
HPRegen 0.23/turn    (no ring)
MPRegen 0.09/turn

%: no passive effects
@: no status effects
A: antennae 1
a: no special abilities


You escaped.
You visited 1 branch of the dungeon, and saw 1 of its levels.

You collected 15 gold pieces.

Inventory:

Hand Weapons
 f - a +0 whip (weapon)
Armour
 a - a +0 robe (worn)
Scrolls
 c - a scroll of summoning {unknown}
 d - a scroll of brand weapon {unknown}
 e - a scroll of enchant armour {unknown}
Potions
 b - a potion of magic


   Skills:
 - Level 1.7 Dodging
 - Level 1.7 Stealth
 + Level 2.3 Spellcasting
 + Level 4.2 Conjurations


You had 4 spell levels left.
You knew the following spells:

 Your Spells              Type           Power      Damage    Failure   Level
a - Magic Dart            Conj           72%        1d6       3%          1

Your spell library contained the following spells:

 Spells                   Type           Power      Damage    Failure   Level
 Searing Ray              Conj           36%        2d5       4%          2
 Dazzling Flash           Conj/Hex       20%        N/A       21%         3
 Fulminant Prism          Conj/Hex       5%         3d7       56%         4
 Iskenderun's Mystic Bla  Conj/Tloc      10%        2d4       56%         4


Dungeon Overview and Level Annotations

Branches:
Dungeon (1/15)

Altars:


Innate Abilities, Weirdness & Mutations

You have a pair of small antennae on your head.


Message History

The magic dart hits the hobgoblin.
The hobgoblin is heavily wounded.
The hobgoblin shouts!
The magic dart hits the hobgoblin.
You kill the hobgoblin!
You can't see any susceptible monsters within range! (Use Z to cast anyway.)
You can't see any susceptible monsters within range! (Use Z to cast anyway.)
A frilled lizard comes into view.
A frilled lizard is nearby!
A frilled lizard is nearby!
The magic dart hits the frilled lizard.
You kill the frilled lizard!
You are out of magic!
You are out of magic!
You are out of magic!
You see here a hobgoblin corpse.
Found a robe.
Key pressed, stopping explore.
A giant cockroach comes into view.
A giant cockroach is nearby!
A giant cockroach is nearby!
The magic dart hits the giant cockroach.
You kill the giant cockroach!
You can't see any susceptible monsters within range! (Use Z to cast anyway.)
You can't see any susceptible monsters within range! (Use Z to cast anyway.)
You can't see any susceptible monsters within range! (Use Z to cast anyway.)
A kobold comes into view. It is wielding a +0 whip.
The magic dart hits the kobold.
You kill the kobold!
You have reached level 2!
Your demonic ancestry asserts itself...
A pair of antennae grows on your head!
Found 3 stones.
Things that are here:
a +0 whip; 3 stones; a kobold corpse
f - a +0 whip (weapon)
You open the door.
There is an open door here.
There is a staircase leading out of the dungeon here.
You have escaped!

### ##.## ##...##
### ##.....## #.#
##.......###.###
##...[.....##...#
+.....@.....'.#.#
#####...#####)..#
##.###..#.### #.#
#....# #.# #.#.##
#.# #.#.# #'#
#.#.# #.###.#.#
#.....#.#


There were no monsters in sight!

Vanquished Creatures
  An endoplasm (D:1)
  A giant cockroach (D:1)
  A hobgoblin (D:1)
  A quokka (D:1)
  A ball python (D:1)
  A bat (D:1)
  A frilled lizard (D:1)
  A kobold (D:1)
8 creatures vanquished.

Notes
Turn   | Place    | Note
-------+----------+-------------------------------------------
     0 | D:1      | Essalna the Demonspawn Conjurer began the quest for the
                  | Orb.
     0 | D:1      | Reached XP level 1. HP: 13/13 MP: 3/3
   234 | D:1      | Gained mutation: You have a pair of small antennae on your
                  | head. [demonic ancestry]
   234 | D:1      | Reached XP level 2. HP: 19/19 MP: 3/5
   306 | D:$      | Got out of the dungeon alive.

Illustrated notes

Levels and vault maps discovered:
D:1:      mrwooster_arrival_arrow, layout_loops_ring

Action                     || total
---------------------------++-------
   Cast: Magic Dart        ||    11

Table legend: (Time is in decaauts)
 A = Elapsed time spent in this place.
 B = Non-inter-level travel time spent in this place.
 C = Inter-level travel time spent in this place.
 D = Time resting spent in this place.
 E = Time spent auto-exploring this place.
 F = Levels seen in this place.
 G = Mean time per level.
                   A        B        C        D        E       F      G
               +--------+--------+--------+--------+--------+-----+--------+
         Total |    305 |    240 |     65 |      0 |    211 |   1 |  305.0 |
       Dungeon |    305 |    240 |     65 |      0 |    211 |   1 |  305.0 |
               +--------+--------+--------+--------+--------+-----+--------+

Top non-repeatable levels by time:
     D:1: 305 daAuts
